 Dungeon Crawl Stone Soup version 0.31-a0-455-g1a7b003ef0 (webtiles) character file.

Game seed: 17116282097753912180

549 senseless the Changeling (level 7, -4/50 HPs)
             Began as an Octopode Shapeshifter on Aug 3, 2023.
             Slain by Duvessa
             ... wielding a +0 short sword
              (9 damage)
             ... on level 4 of the Dungeon.
             The game lasted 00:06:54 (3102 turns).

senseless the Changeling (Octopode Shapeshifter)    Turns: 3102, Time: 00:06:55

Health: -4/50      AC:  1    Str: 16    XL:     7   Next: 28%
Magic:  6/6        EV: 14    Int: 11    God:
Gold:   144        SH:  0    Dex: 12    Spells: 6/6 levels left

rFire   . . .        g - +2 short sword (heavy)
rCold   . . .        (no shield)
rNeg    . . .        (helmet currently unavailable)
rPois   .            (no amulet)
rElec   .            k - ring of resist corrosion
rCorr   +            (no ring)
SInv    .            (no ring)
Will    .....        (no ring)
Stlth   +++          (no ring)
HPRegen 0.28/turn    (no ring)
MPRegen 0.10/turn    (no ring)
                     (no ring)

%: no passive effects
@: lethally poisoned (-4 -> -17), beast-form
A: beast (slay +3), almost no armour, amphibious, 8 rings, camouflage 1,
gelatinous body 1, (nimble swimmer 1), tentacles, tentacle spike 1, low MP 1,
robust 1
a: Begin Untransformation


You were on level 4 of the Dungeon.
You were a hulking beast.
You visited 1 branch of the dungeon, and saw 4 of its levels.

You collected 144 gold pieces.

Inventory:

Hand Weapons
 g - a +2 heavy short sword (weapon)
 o - a +3 quarterstaff of chaos
 p - a +3 dagger of draining
 q - a +1 dagger of protection
Jewellery
 k - a ring of resist corrosion (left tentacle)
Talismans
 b - a beast talisman (active)
Wands
 m - a wand of iceblast (14)
 n - a wand of flame (15) (quivered)
Scrolls
 e - a scroll of enchant armour {unknown}
 h - a scroll of immolation {unknown}
 i - a scroll of blinking {unknown}
 j - a scroll of teleportation
 l - 2 scrolls of fear
 r - a scroll of vulnerability {unknown}
Potions
 a - a potion of lignification
 c - a potion of attraction
 d - 2 potions of mutation
 f - a potion of brilliance


   Skills:
 + Level 3.1 Fighting
 + Level 3.5 Dodging
 + Level 3.8 Stealth
 + Level 4.2 Unarmed Combat
 * Level 4.7 Shapeshifting


You had 6 spell levels left.
You didn't know any spells.
Your spell library was empty.

Dungeon Overview and Level Annotations

Branches:
Dungeon (4/15)
 Temple: D:4-7

Altars:

Annotations:
D:4 Dowan, Duvessa


Innate Abilities, Weirdness & Mutations

You are a hulking beast.
Your limbs bulge with bestial killing power. (Slay +3)
You cannot wear most types of armour.
You are amphibious.
You can wear up to eight rings at the same time.
Your skin changes colour to match your surroundings (Stealth+).
Your rubbery body absorbs attacks. (AC +1, EV +1)
((You are camouflaged when in or above water. (Stealth+)))
You have tentacles for arms and can constrict up to eight enemies at once.
One of your tentacles bears a spike.
Your magical capacity is low. (-10% MP)
You are robust. (+10% HP)


Message History

Dowan, Brother of Duvessa comes into view.
He is wielding a +1 dagger of venom.
Found a stone staircase leading up.
Dowan points at Duvessa and mumbles some strange words.
Duvessa shouts!
Duvessa seems to speed up.
The iguana hisses angrily.
The hobgoblin shouts!
You hit Duvessa. You grab Duvessa.
You pierce Duvessa, but do no damage.
You tentacle-slap Duvessa, but do no damage.
You squeeze Duvessa!
Duvessa is moderately wounded.
You constrict Duvessa, but do no damage.
Duvessa hits you with a +0 short sword. Duvessa completely misses you.
You hit Duvessa.
Your tentacle spike misses Duvessa.
Duvessa is moderately wounded.
You constrict Duvessa. Duvessa barely misses you. The iguana bites you.
Dowan hits you with a +1 dagger of venom.
You are poisoned.
Duvessa hits you with a +0 short sword! The iguana misses you.
Dowan casts a spell at you. The puff of frost misses you.
An orc comes into view. It is wielding a +0 whip.
The orc shouts!
You hit Duvessa.
You pierce Duvessa.
Duvessa is severely wounded.
You constrict Duvessa, but do no damage.
You feel very sick.
You hear a shout! x2
Duvessa completely misses you. Duvessa hits you with a +0 short sword.
The iguana bites you!
* * * LOW HITPOINT WARNING * * *
Dowan hits you with a +1 dagger of venom.
* * * LOW HITPOINT WARNING * * *
You are lethally poisoned!
You completely miss Duvessa.
You pierce Duvessa.
Duvessa is severely wounded.
You constrict Duvessa, but do no damage.
* * * LOW HITPOINT WARNING * * *
You feel very sick. Duvessa hits you with a +0 short sword!
You die...

#..# ###..#
##..# ..# #.#
#. ##..# .#
... #. #..## #
#.##. ##..#
#.##. #...#
.... #.#.#
#<.###.#.#
###.le#..#.#
#..geh.$##.#
#......#.###.#
..o.####.# #..
#.# #.# #. #
#.# #.. ###


You could see Duvessa (fast), Dowan, an iguana, an orc and a hobgoblin.

Vanquished Creatures
  Sigmund (D:3)
  A hound (D:4)
  3 jellies (D:3)
  Crazy Yiuf (D:3)
  Natasha (thrice) (D:3)
  2 adders
  6 gnolls
  2 dart slugs
  2 worms (D:2)
  5 bats
  14 endoplasms
  A giant cockroach (D:2)
  9 goblins
  8 hobgoblins
  13 kobolds
  2 quokkas
  8 ball pythons
  A frilled lizard (D:1)
  8 rats
90 creatures vanquished.

Notes
Turn   | Place    | Note
-------+----------+-------------------------------------------
     0 | D:1      | senseless the Octopode Shapeshifter began the quest for the
                  | Orb.
     0 | D:1      | Reached XP level 1. HP: 13/13 MP: 1/1
   141 | D:1      | Reached XP level 2. HP: 18/18 MP: 2/2
   147 | D:1      | Reached skill level 1 in Stealth
   716 | D:1      | Reached XP level 3. HP: 22/23 MP: 3/3
   830 | D:2      | Reached XP level 4. HP: 16/29 MP: 4/4
  1949 | D:3      | Noticed Sigmund
  1963 | D:3      | Killed Sigmund
  1964 | D:3      | Reached XP level 5. HP: 26/35 MP: 5/5
  1964 | D:3      | Reached XP level 6. HP: 31/41 MP: 6/6
  2017 | D:3      | Noticed Natasha
  2025 | D:3      | Killed Natasha
  2072 | D:3      | Found a runed translucent door.
  2073 | D:3      | Noticed Crazy Yiuf
  2084 | D:3      | Noticed Natasha
  2095 | D:3      | Killed Natasha
  2167 | D:3      | Gained mutation: You are robust. (+10% HP) [potion of
                  | mutation]
  2167 | D:3      | Gained mutation: Your magical capacity is low. (-10% MP)
                  | [potion of mutation]
  2167 | D:3      | Gained mutation: One of your tentacles bears a spike.
                  | [potion of mutation]
  2173 | D:3      | HP: 3/61 [kobold/+0 dagger (3)]
  2758 | D:3      | Noticed Natasha
  2767 | D:3      | Killed Natasha
  2768 | D:3      | Reached XP level 7. HP: 42/50 MP: 6/6
  2889 | D:3      | Killed Crazy Yiuf
  3095 | D:4      | Noticed Duvessa
  3097 | D:4      | Noticed Dowan
  3102 | D:4      | Slain by Duvessa

Illustrated notes

Levels and vault maps discovered:
D:1:      saegor_arrival_miasma, layout_basic
D:2:      layout_loops_cross, serial_co_window_serial,
          co_window_of_opportunity_a, co_window_cross_1,
          co_window_of_opportunity_a, co_window_paths_b, co_window_paths_b,
          co_window_corner_a, co_window_corner_a, co_window_2corner,
          co_window_paths_c, co_window_cross_4, co_window_paths_c,
          co_window_2corner, co_window_corner_ca, co_window_4corner_b,
          co_window_paths_e, glass_columns_a, glass_columns_a, glass_columns_a,
          glass_columns_b, glass_columns_c, glass_columns_b,
          corexii_item_surrounded_by_moat, grunt_ministairs_12
D:3:      cheibrodos_fertilizer, layout_rooms, kennysheep_generic_room_3,
          uniq_natasha, uniq_sigmund, uniq_crazy_yiuf_cottage
D:4:      layout_rooms, dreamdust_wishing_well, uniq_duvessa, uniq_robin,
          uniq_blork_the_orc, uniq_pikel

Skill      XL: |  1  2  3  4  5  6 |
---------------+-------------------+-----
Stealth        | 1 2 3 |  3.8
Fighting       | 2 3 |  3.1
Dodging        | 3 |  3.5
Shapeshifting  | 4 |  4.7
Unarmed Combat | 4 |  4.2

Action                     |  1- 3 |  4- 6 |  7- 9 || total
---------------------------+-------+-------+-------++-------
  Melee: Unarmed           |    24 |       |       ||    24
         Constrict         |    18 |    13 |     4 ||    35
         Short sword       |    24 |    64 |    16 ||   104
         Tentacles         |    12 |     8 |     3 ||    23
         Punch             |     2 |       |     1 ||     3
         Kick              |       |     6 |     6 ||    12
    Use: Scroll            |       |     5 |       ||     5
         Potion            |       |     5 |       ||     5
   Stab: Sleeping          |    11 |    12 |     5 ||    28
 Armour: Skin              |     2 |     9 |       ||    11
  Dodge: Dodged            |    17 |    30 |     8 ||    55

Table legend: (Time is in decaauts)
 A = Elapsed time spent in this place.
 B = Non-inter-level travel time spent in this place.
 C = Inter-level travel time spent in this place.
 D = Time resting spent in this place.
 E = Time spent auto-exploring this place.
 F = Levels seen in this place.
 G = Mean time per level.
                   A        B        C        D        E       F      G
               +--------+--------+--------+--------+--------+-----+--------+
         Total |   3143 |   3055 |     88 |    254 |   2300 |   4 |  785.8 |
       Dungeon |   3143 |   3055 |     88 |    254 |   2300 |   4 |  785.8 |
               +--------+--------+--------+--------+--------+-----+--------+

Top non-repeatable levels by time:
     D:3: 1210 daAuts
     D:2: 1056 daAuts
     D:1: 731 daAuts
     D:4: 144 daAuts
